 Seeded DCSS version 0.29.0-11-gd7f09526c8 (webtiles) character file.

Game seed: 4849185376406641922 (custom seed)

10 nickcage the Poker (level 2, -1/22 HPs)
             Began as a Merfolk Gladiator on Sept 2, 2022.
             Slain by a jackal (2 damage)
             ... on level 1 of the Dungeon.
             The game lasted 00:00:39 (368 turns).

nickcage the Poker (Merfolk Gladiator)               Turns: 368, Time: 00:00:40

Health: -1/22      AC:  4    Str: 14    XL:     2   Next: 20%
Magic:  2/2        EV: 13    Int:  7    God:
Gold:   33         SH:  0    Dex: 15    Spells: 1/1 levels left

rFire   . . .      SeeInvis .   a - +0 trident
rCold   . . .      Faith    .   (no shield)
rNeg    . . .      Spirit   .   b - +0 leather armour
rPois   .          Reflect  .   c - +0 helmet
rElec   .          Harm     .   (no cloak)
rCorr   .          Rampage  .   (no gloves)
Will    .....                   (no boots)
Stlth   +.........              (no amulet)
HPRegen 0.07/turn               (no ring)
MPRegen 0.08/turn               (no ring)

@: no status effects
A: (nimble swimmer 2), mertail
a: no special abilities


You were on level 1 of the Dungeon.
You visited 1 branch of the dungeon, and saw 1 of its levels.

You collected 33 gold pieces.

Inventory:

Hand Weapons
 a - a +0 trident (weapon)
Missiles
 d - 3 throwing nets (quivered)
 e - a javelin
Armour
 b - a +0 leather armour (worn)
 c - a +0 helmet (worn)
Potions
 f - 2 potions of heal wounds {unknown}
 g - a potion of haste {unknown}
 h - a potion of magic {unknown}
 i - a potion of might {unknown}


   Skills:
 - Level 2.1 Fighting
 + Level 4.9 Polearms
 - Level 2.0 Throwing
 - Level 4.0 Dodging


You had one spell level left.
You didn't know any spells.
Your spell library was empty.

Dungeon Overview and Level Annotations

Branches:
Dungeon (1/15)

Altars:


Innate Abilities, Weirdness & Mutations

((You are very nimble when in or above water. (Stealth+, EV+, Speed+++)))
Your lower body shifts to a powerful aquatic tail in water.


Message History

You are too injured to fight recklessly!
You hit the ball python.
You kill the ball python!
The jackal bites you but does no damage.
The jackal completely misses you. The jackal bites you.
The jackal barely misses you.
The jackal bites you but does no damage.
You see here a jackal corpse.
The jackal bites you.
* * * LOW HITPOINT WARNING * * *
You closely miss the jackal.
The jackal bites you but does no damage.
You closely miss the jackal. The jackal barely misses you.
The jackal misses you. The jackal barely misses you.
You completely miss the jackal. The jackal barely misses you.
The jackal bites you but does no damage.
The jackal misses you.
You hit the jackal.
The jackal is heavily wounded.
The jackal bites you.
* * * LOW HITPOINT WARNING * * *
The jackal bites you.
* * * LOW HITPOINT WARNING * * *
The jackal bites you.
* * * LOW HITPOINT WARNING * * *
You barely miss the jackal.
The jackal is heavily wounded.
The jackal bites you.
* * * LOW HITPOINT WARNING * * *
The jackal barely misses you. x2
You hit the jackal.
The jackal is severely wounded.
The jackal bites you but does no damage.
The jackal misses you. The jackal bites you.
* * * LOW HITPOINT WARNING * * *
You hit the jackal but do no damage.
The jackal is severely wounded.
The jackal bites you but does no damage.
The jackal bites you.
You die...

# #........#.# #...#.##.# #
#........#.#..# #.#....#.# #
#........#.#..# #.###.##.# #
#........#)#..# #.# #.##.# #
###...####.#..# #.# #.##.# #
#...####.#..# #.# #.##.# #
#........#..# #.# #.##.# #
#....#####..# #.# #.##.# #
#....# #.@# ... ..##.# #
#.)..# #hh##..######.#
######....#####........ #.#
...........†.....>......# #.#
#########...............# #.#
...........######.####..#.#.#
.....................#..#.#.#
.########.#.#.###.##.#..#.#.#
...# #.#.#........#..#.#.#


You could see 2 jackals.

Vanquished Creatures
  A dart slug (D:1)
  2 ball pythons (D:1)
  A hobgoblin (D:1)
  2 jackals (D:1)
  A bat (D:1)
  A goblin (D:1)
8 creatures vanquished.

Notes
Turn   | Place    | Note
-------+----------+-------------------------------------------
     0 | D:1      | nickcage the Merfolk Gladiator began the quest for the Orb.
     0 | D:1      | Reached XP level 1. HP: 16/16 MP: 1/1
   288 | D:1      | Reached XP level 2. HP: 22/22 MP: 2/2
   367 | D:1      | HP: 1/22 [jackal (1)]
   368 | D:1      | Slain by a jackal

Illustrated notes

Levels and vault maps discovered:
D:1:      sevenhm_arrival_forest_fort_small_3, layout_basic,
          shapermc_ecumenical_altar_mp_highgroup, item_on_display_a

Action                   || total
-------------------------++-------
Melee: Trident           ||    35
Armor: Leather armour    ||    19
Dodge: Dodged            ||    46
